AoeStats
← Odin

Arena

507148888Analyzed
3v3 RM · 15d ago on Sep 16, 2026· 47m 5s· 6 players
Game mode
Random Map
Map size
Normal (6 player)
Population
200
Speed
Normal
Resources
Standard
Victory
Conquest
Starting age
Dark Age
Ending age
Imperial Age
RankedLock teamsTeams togetherTeam positionsShared explorationLock speedFull tech treeHidden civsTurbo modeCheats
Victory
Defeat
🇹🇷 Goths · Türkiye
778
+14
🇫🇷 Franks · France
776
+14
🇨🇴 Persians · Colombia
765
+16
🇦🇷 Khmer · Argentina
795
-16
🇦🇷 Persians · Argentina
741
-15
🇦🇷 Mongols · Argentina
693
-13
Mek666nix
10:24 Feudal Age
11:40 Loom
14:22 Castle Age
15:57 Stone Mining
15:55 Double-Bit Axe
27:35 Fortified Wall
27:10 Horse Collar
28:25 Murder Holes
28:52 Ballistics
30:49 Wheelbarrow
32:21 Hand Cart
33:00 Gold Mining
33:47 Stone Shaft Mining
33:24 Bow Saw
33:19 Heavy Plow
36:28 Imperial Age
37:48 Conscription
37:29 Double Crossbow
37:14 Heavy Scorpion
38:56 Crop Rotation
39:17 Gold Shaft Mining
40:18 Caravan
40:33 Pikeman
Geltros
5:14 Loom
11:33 Feudal Age
13:14 Double-Bit Axe
15:14 Horse Collar
16:38 Bloodlines
18:51 Scale Barding Armor
23:10 Castle Age
22:21 Padded Archer Armor
22:12 Fletching
23:24 Scale Mail Armor
23:35 Forging
24:52 Husbandry
24:19 Light Cavalry
25:23 Chain Barding Armor
25:20 Leather Archer Armor
25:16 Gold Mining
26:44 Bow Saw
26:55 Heavy Plow
27:56 Caravan
35:36 Bodkin Arrow
37:36 Stone Mining
41:19 Imperial Age
39:32 Ballistics
40:53 Squires
40:14 Pikeman
41:27 Chain Mail Armor
41:48 Iron Casting
43:41 Parthian Tactics
42:36 Heavy Cavalry Archer
44:51 Thumb Ring
46:25 Heavy Scorpion
Blessed5887
4:46 Loom
9:42 Feudal Age
19:57 Castle Age
31:14 Caravan
37:34 Imperial Age
34:57 Horse Collar
36:33 Scale Barding Armor
36:39 Forging
37:16 Heavy Camel Rider
40:57 Chain Barding Armor
41:12 Iron Casting
yunusmujde
11:39 Feudal Age
13:00 Wheelbarrow
12:17 Double-Bit Axe
12:36 Horse Collar
18:04 Castle Age
16:39 Stone Mining
16:41 Gold Mining
19:00 Hand Cart
18:56 Bow Saw
18:47 Heavy Plow
35:06 Imperial Age
34:42 Anarchy
34:55 Forging
34:45 Scale Mail Armor
35:50 Perfusion
36:11 Conscription
37:06 Two-Man Saw
36:38 Crop Rotation
36:46 Iron Casting
36:31 Chain Mail Armor
36:44 Squires
36:07 Elite Huskarl
38:45 Blast Furnace
Odin
10:22 Feudal Age
11:12 Double-Bit Axe
17:21 Castle Age
15:35 Stone Mining
15:50 Horse Collar
24:38 Gold Mining
28:25 Imperial Age
26:25 Heavy Plow
27:23 Bow Saw
28:48 Wheelbarrow
31:18 Hand Cart
32:30 Conscription
33:30 Chemistry
33:45 Heated Shot
34:23 Ballistics
34:30 Cavalier
35:14 Husbandry
35:25 Bloodlines
35:26 Scale Barding Armor
35:21 Scale Mail Armor
35:32 Forging
35:53 Savar
37:40 Chain Mail Armor
37:46 Chain Barding Armor
38:14 Crop Rotation
38:23 Gold Shaft Mining
38:24 Stone Shaft Mining
42:17 Plate Barding Armor
42:17 Iron Casting
43:50 Plate Mail Armor
KraKenn63
1:13 Loom
6:33 Loom
11:16 Feudal Age
15:44 Castle Age
17:32 Forging
17:28 Scale Barding Armor
17:32 Double-Bit Axe
20:31 Iron Casting
23:56 Wheelbarrow
23:11 Town Watch
25:23 Pikeman
27:02 Fletching
27:36 Chain Barding Armor
30:06 Hand Cart
33:31 Imperial Age
33:40 Imperial Age
32:27 Husbandry
31:48 Light Cavalry
33:48 Town Patrol
33:43 Cavalier
36:25 Squires
37:52 Paladin
41:12 Gold Mining
42:02 Plate Barding Armor
42:31 Blast Furnace
42:23 Plate Barding Armor
Connection lost

Rejoining the realm…

Still unreachable

The connection could not be restored.

Session expired

The server has moved on; the page needs a fresh start.